 Dungeon Crawl Stone Soup version 0.31-a0-202-g547052bce9 (webtiles) character file.

Game seed: 12051037149604454219

182 qw the Shooter (level 5, -4/29 HPs)
             Began as a Deep Elf Hunter on June 26, 2023.
             Slain by a worm (6 damage)
             ... on level 3 of the Dungeon.
             The game lasted 00:00:28 (1459 turns).

qw the Shooter (Deep Elf Hunter)                    Turns: 1459, Time: 00:00:28

Health: -4/29      AC:  9    Str: 10    XL:     5   Next: 35%
Magic:  7/7        EV:  9    Int: 14    God:
Gold:   160        SH:  0    Dex: 18    Spells: 4/4 levels left

rFire   . . .        Y - +1 shortbow
rCold   . . .        (shield currently unavailable)
rNeg    . . .        o - +0 scale mail
rPois   .            k - +0 helmet
rElec   .            (no cloak)
rCorr   .            h - +0 pair of gloves
SInv    .            i - +0 pair of boots
Will    .....        (no amulet)
Stlth   +            (no ring)
HPRegen 0.24/turn    (no ring)
MPRegen 0.10/turn

%: no passive effects
@: no status effects
A: no striking features
a: no special abilities


You were on level 3 of the Dungeon.
You visited 1 branch of the dungeon, and saw 3 of its levels.

You collected 160 gold pieces.


   Skills:
 - Level 1.5 Fighting
 + Level 7.7 Ranged Weapons
 - Level 2.4 Armour
 - Level 2.4 Dodging
 - Level 1.2 Stealth


You had 4 spell levels left.
You didn't know any spells.
Your spell library was empty.

Inventory:

Hand Weapons
 Y - a +1 shortbow (weapon)
Armour
 h - a +0 pair of gloves (worn)
 i - a +0 pair of boots (worn)
 k - a +0 helmet (worn)
 o - a +0 scale mail (worn)
Scrolls
 b - 3 scrolls of teleportation {unknown}
Potions
 a - a potion of curing {unknown}
 c - a potion of might {unknown}
 d - a potion of degeneration {unknown}
 f - a potion of brilliance {unknown}
 j - a potion of attraction {unknown}
 l - a potion of enlightenment {unknown}
 n - a potion of resistance {unknown}

Dungeon Overview and Level Annotations

Branches:
Dungeon (3/15)

Altars:


Message History

The ogre misses you.
You shoot an arrow. The arrow hits the ogre.
You kill the ogre!
Your Armour skill gained 2 levels and is now at level 2!
You have reached level 5!
You shoot an arrow. The arrow hits the rat!
You kill the rat!
You shoot an arrow. The arrow hits the kobold!
You kill the kobold!
The hobgoblin hits you.
You shoot an arrow. The arrow hits the hobgoblin.
The hobgoblin is heavily wounded.
The rat twitches its whiskers.
The hobgoblin hits you but does no damage.
You shoot an arrow. The arrow hits the hobgoblin!
You kill the hobgoblin!
You shoot an arrow. The arrow hits the rat.
You kill the rat!
The kobold hits you but does no damage.
You shoot an arrow. The arrow closely misses the kobold.
The arrow hits the goblin.
The goblin is heavily wounded.
The kobold hits you but does no damage.
You shoot an arrow.
The arrow hits the kobold but does no damage.
The kobold hits you but does no damage.
You shoot an arrow. The arrow hits the kobold!
You kill the kobold!
You shoot an arrow. The arrow barely misses the orc.
The orc hits you with a +0 dagger. The orc closely misses you.
You shoot an arrow. The arrow barely misses the orc.
The orc hits you with a +0 dagger.
You shoot an arrow. The arrow completely misses the orc.
The orc barely misses you.
You shoot an arrow. The arrow hits the orc.
You kill the orc!
The goblin shoots a sling bullet.
The sling bullet hits you.
You shoot an arrow. The arrow barely misses the worm.
The worm bites you.
You die...

#### # ...### #
....# # ###..#.#
## ##.##.#.# #)
#..%'.#.## ###.
##.##.#..#### #...
#'#........# #.#.
#@#####.##.####.#.
+#wg$.##.#.#......
)?.?.#.....##.##
.[.?)#.#.####...
..[..#.#.# ####
#.?)##...# #
..#####.##########
#................
####........###..


You could see a worm and a goblin.

Vanquished Creatures
  An ogre (D:3)
  A jelly (D:2)
  Terence (D:2)
  An adder (D:2)
  An orc (D:3)
  4 ball pythons
  3 endoplasms
  7 goblins
  3 hobgoblins (D:3)
  A quokka (D:2)
  3 frilled lizards
  3 kobolds (D:3)
  4 rats
33 creatures vanquished.

Notes
Turn   | Place    | Note
-------+----------+-------------------------------------------
     0 | D:1      | qw the Deep Elf Hunter began the quest for the Orb.
     0 | D:1      | Reached XP level 1. HP: 12/12 MP: 3/3
     0 | D:1      | 0 ||| qw: Version: 0.3-a-22-g0ed2b0b
     0 | D:1      | 0 ||| qw: Game counter: 5962
     0 | D:1      | 0 ||| qw: Melee chars always use a shield: true
     0 | D:1      | 0 ||| qw: God list: Okawaru
     0 | D:1      | 0 ||| qw: Allow faded altars: false
     0 | D:1      | 0 ||| qw: Do Orc after clearing Dungeon:15 true
     0 | D:1      | 0 ||| qw: Do second Lair branch before Depths: true
     0 | D:1      | 0 ||| qw: Lair rune preference: random
     0 | D:1      | 0 ||| qw: Goals: Normal
     0 | D:1      | 0 ||| PLANNING D:1-11
    61 | D:1      | 61 ||| DROPPING +1 sling of draining.
   266 | D:1      | Reached skill level 6 in Ranged Weapons
   266 | D:1      | Reached XP level 2. HP: 16/16 MP: 4/4
   559 | D:1      | 559 ||| UPGRADING to +0 pair of gloves.
   564 | D:1      | 564 ||| UPGRADING to +0 pair of boots.
   569 | D:1      | 569 ||| UPGRADING to +0 helmet.
   574 | D:1      | 574 ||| READING scroll labelled ABLIZEAGROVELA.
   575 | D:1      | 575 ||| READING scroll labelled SIFOQYIKHUNAO.
   576 | D:1      | 576 ||| READING scroll labelled KIUBRU FAOCE.
   577 | D:1      | 577 ||| DROPPING scroll of butterflies.
   864 | D:2      | Noticed Terence
   867 | D:2      | Killed Terence
   868 | D:2      | Reached XP level 3. HP: 20/20 MP: 5/5
  1078 | D:2      | Reached skill level 7 in Ranged Weapons
  1116 | D:2      | Found a faded altar of an unknown god.
  1215 | D:2      | Reached XP level 4. HP: 25/25 MP: 6/6
  1270 | D:2      | 1270 ||| UPGRADING to +0 scale mail.
  1280 | D:2      | 1280 ||| DROPPING +0 leather armour.
  1281 | D:2      | 1281 ||| READING scroll labelled FUWNAU ZEUJAINT.
  1282 | D:2      | 1282 ||| READING scroll labelled YCLALO ICEOFO.
  1283 | D:2      | 1283 ||| READING scroll labelled BAONOY QIFYS.
  1284 | D:2      | 1284 ||| DRINKING 3 blue potions.
  1334 | D:3      | 1334 ||| FLEEEEING.
  1436 | D:3      | Noticed an ogre
  1439 | D:3      | HP: 1/25 [ogre/+0 giant club (21)]
  1440 | D:3      | 1440 ||| DRINKING 2 potions of heal wounds.
  1443 | D:3      | 1443 ||| DRINKING potion of heal wounds.
  1444 | D:3      | HP: 6/25 [ogre/+0 giant club (19)]
  1446 | D:3      | Killed an ogre
  1447 | D:3      | Reached XP level 5. HP: 8/29 MP: 7/7
  1455 | D:3      | HP: 5/29 [orc/+0 dagger (4)]
  1458 | D:3      | HP: 1/29 [goblin/sling bullet (2)]
  1459 | D:3      | Slain by a worm

Levels and vault maps discovered:
D:1:      lightli_arrival_flooded_house, layout_loops_cross
D:2:      layout_basic, dreamdust_ecumenical_altar_hidden_monk_grotto,
          uniq_terence
D:3:      minmay_diamond_boxcup, layout_loops_cross,
          nicolae_overflow_crystal_walls, minmay_joined_circles

Skill      XL: |  1  2  3  4 |
---------------+-------------+-----
Ranged Weapons | 6 7 |  7.7
Armour         | 2 |  2.4
Fighting       | |  1.5
Dodging        | |  2.4
Stealth        | |  1.2

Action                     |  1- 3 |  4- 6 || total
---------------------------+-------+-------++-------
   Fire: Shortbow          |    40 |    36 ||    76
    Use: Scroll            |     3 |     3 ||     6
         Potion            |       |     3 ||     3
 Armour: Leather armour    |     1 |       ||     1
         Scale mail        |       |     6 ||     6
  Dodge: Dodged            |       |     7 ||     7

Table legend:
 A = Non-vault XP
 B = Vault XP
 C = Vault XP percentage of total XP
 D = Non-vault monster count
 E = Vault monster count
 F = Vault count percentage of total count
                 A         B        C        D         E       F
            +---------+---------+-------+---------+---------+-------
      Total |      91 |     170 |  65.1 |      23 |      10 |  30.3
            +---------+---------+-------+---------+---------+-------
        D:1 |      13 |       0 |   0.0 |       8 |       0 |   0.0
        D:2 |      69 |      36 |  34.3 |      10 |       1 |   9.1
        D:3 |       9 |     134 |  93.7 |       5 |       9 |  64.3
            +---------+---------+-------+---------+---------+-------
